 Dungeon Crawl Stone Soup version 0.20.1-1-g8b1a95d (webtiles) character file.

557 kae the Skirmisher (level 7, -1/61 HPs)
             Began as a Demonspawn Gladiator on Sept 5, 2017.
             Slain by Chisa's ghost (10 damage)
             ... on level 4 of the Dungeon.
             The game lasted 00:08:11 (5200 turns).

kae the Skirmisher (Demonspawn Gladiator)           Turns: 5200, Time: 00:08:12

Health: -1/61      AC:  6    Str: 14    XL:     7   Next: 9%
Magic:  7/7        EV: 13    Int:  9    God:
Gold:   220        SH:  0    Dex: 17    Spells: 6/6 levels left

rFire    . . .     SeeInvis .   (no weapon)
rCold    . . .     Gourm    .   (no shield)
rNeg     . . .     Faith    .   b - +0 leather armour
rPois    .         Spirit   .   c - +1 helmet
rElec    .         Reflect  .   (no cloak)
rCorr    .         Harm     .   (no gloves)
MR       .....                  (no boots)
Stlth    +.........             (no amulet)
Regen    0.2/turn               (no ring)
MPRegen  0.1/turn               (no ring)

@: no status effects
A: claws 2, rugged brown scales 1, spiny 1
a: no special abilities


You were on level 4 of the Dungeon.
You were not hungry.

You visited 1 branch of the dungeon, and saw 4 of its levels.

You collected 220 gold pieces.

Inventory:

Hand Weapons
 a - a +0 flail
Missiles
 d - 3 throwing nets (quivered)
Armour
 b - a +0 leather armour (worn)
 c - a +1 helmet (worn)
Jewellery
 n - a cursed ring of teleportation {unknown}
 p - an uncursed ring of flight {unknown}
Wands
 o - a wand of flame (8/48)
Scrolls
 e - 2 scrolls of immolation
 i - 3 scrolls of fog
 j - 3 scrolls of remove curse
 k - 4 scrolls of identify
Potions
 m - 2 potions of cancellation
Comestibles
 f - 3 bread rations
 g - 8 fruits
 l - a meat ration


   Skills:
 + Level 7.5 Fighting
 - Level 3.2 Maces & Flails
 - Level 1.7 Throwing
 - Level 2.6 Dodging


You had 6 spell levels left.
You didn't know any spells.

Dungeon Overview and Level Annotations

Branches:
Dungeon (4/15)
 Temple: D:4-7

Altars:
Fedhas

Annotations:
D:4 Chisa's ghost, novice CeFi


Innate Abilities, Weirdness & Mutations

You have very sharp fingernails.
You are partially covered in rugged brown scales. (AC +1, +3% HP)
You are partially covered in sharp spines.


Message History

Chisa's ghost is struck by your spines. Chisa's ghost closely misses you.
You scratch Chisa's ghost but do no damage.
Chisa's ghost is almost destroyed.
Chisa's ghost closely misses you.
You barely miss Chisa's ghost.
Chisa's ghost is almost destroyed.
Chisa's ghost is struck by your spines. Chisa's ghost hits you.
You scratch Chisa's ghost but do no damage.
Chisa's ghost is almost destroyed.
Chisa's ghost hits you!
* * * LOW HITPOINT WARNING * * *
You scratch Chisa's ghost.
Chisa's ghost is almost destroyed.
Chisa's ghost closely misses you.
You scratch Chisa's ghost but do no damage.
Chisa's ghost is almost destroyed.
Chisa's ghost barely misses you.
Okay, then.
Chisa's ghost hits you!
You die...

###.#.....#.#........#####...#...
## .#......###...................
.# .#.....## ##.#................
.# .#.....)###..###.#............
.##.#.....#.#.......######...#.##
....########..#..#### #......##
...## ###.#.# #........ .#.####
###.# ##.....### ..†...#
########@# #.......#
##.##.###......W.# #.##.##.#
##.##.....##############.##.##.#
...######## #.........##.## ####
#.####.####..>. #.####>#......)
#............#. ##...###..#.##.
#.#........##.


You could see Chisa's ghost.

Vanquished Creatures
  Menkaure (D:4)
  A centaur (D:3)
  2 orc priests
  An orc wizard (D:4)
  An iguana (D:4)
  3 worker ants (D:4)
  Robin (D:4)
  4 gnolls (D:3)
  3 adders
  2 oozes
  A worm (D:3)
  A leopard gecko (D:4)
  17 orcs
  5 giant cockroaches
  8 goblins
  11 hobgoblins
  2 jackals (D:1)
  3 kobolds
  4 quokkas
  6 bats
  5 frilled lizards
  A jackal skeleton (D:4)
  8 rats
91 creatures vanquished.

Notes
Turn   | Place    | Note
-------+----------+-------------------------------------------
     0 | D:1      | kae the Demonspawn Gladiator began the quest for the Orb.
     0 | D:1      | Reached XP level 1. HP: 16/16 MP: 1/1
   286 | D:1      | Gained mutation: You have sharp fingernails. [demonic ancestry]
   286 | D:1      | Reached XP level 2. HP: 20/22 MP: 2/2
  1363 | D:2      | Gained mutation: You are partially covered in sharp spines. [demonic ancestry]
  1363 | D:2      | Reached XP level 3. HP: 28/28 MP: 3/3
  1403 | D:2      | Reached skill level 3 in Fighting
  2665 | D:2      | Reached skill level 4 in Fighting
  2665 | D:2      | Reached XP level 4. HP: 13/37 MP: 4/4
  3003 | D:3      | Noticed a centaur
  3017 | D:3      | Killed a centaur
  3017 | D:3      | Reached skill level 5 in Fighting
  3017 | D:3      | Gained mutation: You are partially covered in rugged brown scales. (AC +1, +3% HP) [demonic ancestry]
  3017 | D:3      | Reached XP level 5. HP: 19/45 MP: 5/5
  3708 | D:4      | Noticed Menkaure
  3717 | D:4      | Killed Menkaure
  3717 | D:4      | Reached skill level 6 in Fighting
  3717 | D:4      | Reached XP level 6. HP: 30/54 MP: 6/6
  3890 | D:4      | Noticed Robin
  3905 | D:4      | Killed Robin
  4097 | D:4      | Noticed Chisa's ghost (novice CeFi)
  4259 | D:4      | Reached skill level 7 in Fighting
  4672 | D:4      | Found a blossoming altar of Fedhas.
  4929 | D:4      | Gained mutation: You have very sharp fingernails. [demonic ancestry]
  4929 | D:4      | Reached XP level 7. HP: 42/61 MP: 7/7
  5200 | D:4      | Slain by Chisa's ghost

Skill      XL: |  1  2  3  4  5  6 |
---------------+-------------------+-----
Maces & Flails | 3 |  3.2
Fighting       | 4 5 6 7 |  7.5
Throwing       | |  1.7
Dodging        | |  2.6

Action                   |  1- 3 |  4- 6 |  7- 9 || total
-------------------------+-------+-------+-------++-------
Melee: Flail             |    40 |       |       ||    40
       Unarmed           |   143 |   154 |    37 ||   334
  Use: Scroll            |     7 |     3 |       ||    10
       Potion            |       |     4 |       ||     4
 Stab: Distracted        |     1 |       |       ||     1
       Sleeping          |     1 |       |       ||     1
       Fleeing           |       |     1 |       ||     1
  Eat: Chunk             |     5 |     8 |     1 ||    14
Armor: Leather armour    |    51 |    27 |     5 ||    83
       Skin              |       |     4 |       ||     4
Dodge: Dodged            |   125 |    90 |    15 ||   230
